 Dungeon Crawl Stone Soup version 0.24.0-125-gc4c63601f3 (webtiles) character file.

Game seed: 8884973810367196678, levelgen mode: deterministic

12352 straycat the Nimble (level 11, -26/77 HPs)
             Began as a Vampire Fighter on Mar 9, 2020.
             Was a Follower of Hepliaklqana.
             Killed from afar by an orc sorcerer (36 damage)
             ... with a bolt of negative energy
             ... on level 2 of the Orcish Mines.
             The game lasted 01:16:51 (9818 turns).

straycat the Nimble (Vampire Fighter)               Turns: 9818, Time: 01:16:52

Health: -26/77     AC: 13    Str: 19    XL:     11   Next: 61%
Magic:  11/11      EV: 18    Int: 19    God:    Hepliaklqana [*.....]
Gold:   556        SH: 13    Dex: 19    Spells: 10/10 levels left

rFire    + . .     SeeInvis +   x - +7 war axe of Termination {venom, *Noise MR+ Int+8 Dex+4}
rCold    x . .     Gourm    .   b - +0 shield
rNeg     . . .     Faith    .   D - +0 ring mail
rPois    .         Spirit   .   e - +1 helmet
rElec    .         Reflect  +   I - +0 cloak
rCorr    .         Harm     .   H - +0 pair of gloves
MR       ++...                  O - +2 pair of boots
Stlth    +++++.....             q - +4 amulet of reflection
HPRegen  0.42/turn              z - ring of fire
MPRegen  0.12/turn              y - +2 ring of strength

@: regenerating quickly, studying Crossbows, drained
A: no food, reduced essence, fangs 3, see invisible, unbreathing
a: Exsanguinate, Recall Ancestor, Ancestor Identity, Renounce Religion


You were on level 2 of the Orcish Mines.
You worshipped Hepliaklqana.
Hepliaklqana was aware of your devotion.
You were alive.

You visited 3 branches of the dungeon, and saw 13 of its levels.

You collected 616 gold pieces.
You spent 60 gold pieces at shops.

Inventory:

Hand Weapons
 j - a +0 shortbow
 n - a +0 spear of venom
 r - a +4 dagger
 w - a +1 dagger of draining
 x - the +7 war axe of Termination (weapon) {venom, *Noise MR+ Int+8 Dex+4}
   (You found it on level 4 of the Dungeon)

   It poisons the flesh of those it strikes.
   It affects your intelligence (+8).
   It affects your dexterity (+4).
   It affects your resistance to hostile enchantments.
   It may make noises in combat.
 A - a +0 arbalest
 K - a +2 hand axe of distortion
 T - a +2 dagger of pain
 U - a +1 dagger of flaming
 Y - a +4 flail of venom
Missiles
 h - 138 arrows
 l - 373 stones
 m - 48 poisoned darts
 p - 50 bolts
 E - 12 boomerangs (quivered)
Armour
 a - a +0 scale mail
 b - a +0 shield (worn)
 e - a +1 helmet (worn)
 D - a +0 ring mail (worn)
 H - a +0 pair of gloves (worn)
 I - a +0 cloak (worn)
 J - a +0 plate armour
 O - a +2 pair of boots (worn)
 V - a +0 troll leather armour
 W - a +0 chain mail
 Z - a +1 robe of magic resistance
Jewellery
 c - an uncursed amulet of faith
 q - a +4 amulet of reflection (around neck)
 v - an uncursed ring of fire
 y - a +2 ring of strength (right hand)
 z - a ring of fire (left hand)
 R - an uncursed amulet of magic regeneration
Wands
 u - a wand of flame (16)
 Q - a wand of random effects (15)
Scrolls
 g - 2 scrolls of enchant weapon
 i - 6 scrolls of remove curse
 B - 3 scrolls of magic mapping
 F - a scroll of fear
 G - 4 scrolls of amnesia
 N - a scroll of fog
Potions
 o - a potion of cancellation
 s - a potion of haste {unknown}
 t - a potion of berserk rage {unknown}
 C - 2 potions of mutation
 L - a potion of agility {unknown}
 M - a potion of lignification
Books
 f - a manual of Crossbows


   Skills:
 - Level 8.0(6.8) Fighting
 + Level 2.9(1.9) Crossbows
 + Level 3.8(2.7) Armour
 * Level 13.8(12.5) Dodging
 + Level 13.6(12.2) Stealth
 - Level 2.6(1.6) Shields
 - Level 3.0(1.9) Unarmed Combat


You had 10 spell levels left.
You didn't know any spells.
Your spell library contained the following spells:

 Spells                   Type           Power        Failure   Level  Hunger
 Confusing Touch          Hex            #.....       89%         1    N/A
 Sting                    Conj/Pois      #...         89%         1    N/A
 Poisonous Vapours        Pois/Air       #.....       96%         2    N/A
 Confuse                  Hex            #.......     99%         3    N/A
 Gell's Gravitas          Tloc           #.........   99%         3    N/A
 Mephitic Cloud           Conj/Pois/Air  #.......     99%         3    N/A
 Olgreb's Toxic Radiance  Pois           #.......     100%        4    N/A
 Petrify                  Tmut/Erth      #.......     100%        4    N/A
 Metabolic Englaciation   Hex/Ice        #.........   100%        5    N/A
 Venom Bolt               Conj/Pois      #.........   100%        5    N/A
 Yara's Violent Unravell  Hex/Tmut       #.........   100%        5    N/A

Dungeon Overview and Level Annotations

Branches:
Dungeon (10/15)            Temple (1/1) D:5            Lair (0/6) D:8
    Orc (1/2) D:10

Altars:
Ashenzari
Cheibriados
Dithmenos
Elyvilon
Fedhas
Gozag
Hepliaklqana
Kikubaaqudgha
Makhleb
Nemelex Xobeh
Okawaru
Qazlal
Ru
Sif Muna
Trog
Uskayaw
Vehumet
Wu Jian
Xom
Yredelemnul
Zin
The Shining One
Beogh

Shops:
D:6 *:%   Orc:2 !(

Annotations:
D:2 LostGamesStreakFreak's ghost, amateur MfSk


Innate Abilities, Weirdness & Mutations

You do not eat.
Your natural rate of healing is unusually fast.
You have razor-sharp teeth.
You have supernaturally acute eyesight. (SInv)
You can survive without breathing.
Your life essence is reduced to manifest your ancestor. (-10% HP)


Message History

Seras is destroyed!
The sixfirhy completely misses you. You block the hellwing's attack.
The hellwing misses you. You block the hellwing's attack.
The hellwing hits you. The sixfirhy misses you. The hellwing hits you!
* * * LOW HITPOINT WARNING * * *
The hellwing closely misses you.
You feel much better. The sixfirhy misses you. The sixfirhy hits you.
The sixfirhy shocks you! The sixfirhy hits you!
* * * LOW HITPOINT WARNING * * *
The sixfirhy shocks you!
* * * LOW HITPOINT WARNING * * *
You block the hellwing's attack. The hellwing closely misses you.
The sixfirhy completely misses you.
An orc wizard comes into view. It is wielding a +0 dagger.
The hellwing hits you but does no damage. x2
The orc sorcerer points at you and mumbles some strange words.
The bolt of negative energy hits the sixfirhy.
The sixfirhy completely resists.
The bolt of negative energy hits you!!!
You feel drained.
You die...

# #.# #..######.
#. #o# #..#...∩#.
###.###.#
#####..#....#.
.........
.......#....#.
.o......# #.#
#..##[###)
.8...84o# #.#
#..)÷))).)
....o.oo# #.#
#.###)###)
#3###.###.#..)..#.
#@4)......#.....#.
#4###.###.#.....#.
#.# #.# #.#....∩#.
#.# #.# #.#######.
... ... ... .. ...
... ... ..
#.########### ###
##


You could see 3 hellwings, a sixfirhy, 2 orc sorcerers, an orc wizard and an
orc.

Vanquished Creatures
  2 two-headed ogres
  Pikel (D:5)
  An orc sorcerer (Orc:2)
  An orc knight (D:10)
  A centaur zombie (D:10)
  A kobold demonologist (D:8)
  A troll (Orc:1)
  7 yaks
  A hungry ghost (D:9)
  4 wargs (Orc:2)
  6 orc warriors
  5 porcupines (D:8)
  A black bear (D:6)
  An ice beast (D:5)
  A sky beast (D:6)
  4 slaves (D:5)
  5 ogres
  A crocodile (D:8)
  2 centaurs
  11 big kobolds (D:8)
  4 bullfrogs
  2 scorpions (D:6)
  4 howler monkeys
  A crimson imp (D:5)
  A quasit (D:8)
  2 hounds
  A gnoll shaman (D:5)
  2 jellies
  9 orc priests
  2 iguanas
  2 worker ants
  23 orc wizards
  Terence (D:2)
  A howler monkey zombie (D:6)
  14 gnolls
  8 adders
  2 shadow imps
  A howler monkey simulacrum (D:3)
  3 oozes
  An adder zombie (D:5)
  4 worms
  2 dart slugs
  An adder simulacrum (D:3)
  4 leopard geckos
  47 orcs
  A ball python (D:4)
  5 bats
  4 giant cockroaches
  6 goblins
  10 hobgoblins
  11 jackals
  2 quokkas
  3 frilled lizards
  16 kobolds
  2 leopard gecko simulacra (D:3)
  A quokka simulacrum (D:3)
  5 rats
  5 bushes
  10 fungi (D:8)
  7 plants
287 creatures vanquished.

Vanquished Creatures (collateral kills)
  An orc sorcerer (Orc:2)
  2 centaur skeletons
  2 hippogriffs
  2 yaks
  A warg (Orc:2)
  2 orc warriors (Orc:1)
  2 black bears
  A phantom (D:6)
  An ogre (D:9)
  A big kobold (D:9)
  A scorpion (D:8)
  A howler monkey (D:9)
  A crimson imp (D:9)
  A quasit (D:8)
  4 orc wizards
  A bullfrog skeleton (D:8)
  2 orc priests
  An iguana (D:10)
  A hound skeleton (D:9)
  A howler monkey zombie (D:9)
  A gnoll (D:7)
  An adder zombie (D:9)
  13 orcs
  6 kobolds
  A bush (D:6)
  2 fungi (D:8)
53 creatures vanquished.

Vanquished Creatures (others)
  2 orc wizards (Orc:2)
  7 battlemagi
  An ancestor (D:8)
  A goblin (D:2)
  A kobold (D:9)
  4 fungi (D:8)
16 creatures vanquished.

Grand Total: 356 creatures vanquished

Notes
Turn   | Place    | Note
-------+----------+-------------------------------------------
     0 | D:1      | straycat the Vampire Fighter began the quest for the Orb.
     0 | D:1      | Reached XP level 1. HP: 17/17 MP: 1/1
   226 | D:1      | Reached skill level 1 in Dodging
   250 | D:1      | Reached XP level 2. HP: 22/23 MP: 2/2
  1086 | D:2      | Reached XP level 3. HP: 7/29 MP: 3/3
  1087 | D:2      | Reached skill level 1 in Stealth
  1337 | D:2      | Noticed Terence
  1350 | D:2      | Killed Terence
  1350 | D:2      | Reached XP level 4. HP: 29/35 MP: 4/4
  1401 | D:2      | Found a hide-covered altar of Uskayaw.
  1577 | D:2      | Found an opulent altar of Gozag.
  1699 | D:2      | Found a glowing golden altar of the Shining One.
  1700 | D:2      | Found an ancient bone altar of Kikubaaqudgha.
  1905 | D:3      | Reached XP level 5. HP: 13/41 MP: 5/5
  1913 | D:3      | Found a runed translucent gate.
  1913 | D:3      | Found a runed translucent gate.
  1968 | D:3      | Found a runed translucent gate.
  2161 | D:3      | Noticed LostGamesStreakFreak's ghost (amateur MfSk)
  2230 | D:3      | Found a shimmering blue altar of Sif Muna.
  2230 | D:3      | Found a white marble altar of Elyvilon.
  2230 | D:3      | Found a blossoming altar of Fedhas.
  4197 | D:4      | Got a crystal war axe
  4211 | D:4      | Identified the +7 war axe of Termination {venom, *Noise MR+
                  | Int+8 Dex+4} (You found it on level 4 of the Dungeon)
  4259 | D:4      | Reached XP level 6. HP: 47/47 MP: 6/6
  4280 | D:4      | Reached skill level 5 in Dodging
  4387 | D:4      | Found an iron altar of Okawaru.
  4675 | D:5      | Entered Level 5 of the Dungeon
  4675 | D:5      | Noticed a slave
  4675 | D:5      | Noticed a slave
  4676 | D:5      | Noticed a slave
  4677 | D:5      | Noticed Pikel
  4678 | D:5      | Noticed a slave
  4684 | D:5      | Killed a slave
  4686 | D:5      | Killed a slave
  4694 | D:5      | Killed Pikel
  4694 | D:5      | Reached XP level 7. HP: 40/54 MP: 7/7
  4806 | D:5      | HP: 1/55 [gnoll/+0 spear (8)]
  4963 | D:5      | Reached XP level 8. HP: 10/61 MP: 8/8
  5372 | D:5      | Found a white marble altar of Elyvilon.
  5578 | D:5      | Found a staircase to the Ecumenical Temple.
  5584 | Temple   | Entered the Ecumenical Temple
  5643 | Temple   | Became a worshipper of Hepliaklqana the Forgotten
  5827 | D:6      | Found a bloodstained altar of Trog.
  5841 | D:6      | Reached skill level 5 in Fighting
  5873 | D:6      | Found Vioh's Food Emporium.
  6132 | D:6      | Found Qolifee's General Store.
  6166 | D:6      | Found Ruykhlo's Book Boutique.
  6269 | D:6      | Reached XP level 9. HP: 61/61 MP: 9/9
  6557 | D:7      | Reached * piety under Hepliaklqana
  6955 | D:8      | Found a staircase to the Lair.
  7053 | D:8      | Reached skill level 10 in Dodging
  7103 | D:8      | Reached skill level 10 in Stealth
  7231 | D:8      | Found Cyhagh's Magic Scroll Shoppe.
  7427 | D:8      | Reached ** piety under Hepliaklqana
  7428 | D:8      | Remembered your ancestor Seras as a battlemage
  7647 | D:8      | Reached XP level 10. HP: 69/69 MP: 10/10
  7690 | D:8      | Noticed a smoke demon
  8084 | D:9      | Noticed a two-headed ogre
  8138 | D:9      | Killed a two-headed ogre
  8146 | D:9      | HP: 1/72 [orc priest/divine providence (15)]
  8156 | D:10     | Entered Level 10 of the Dungeon
  8159 | D:10     | HP: 2/72 [orc warrior/+0 hand axe (12)]
  8822 | D:9      | Reached XP level 11. HP: 75/77 MP: 11/11
  9084 | D:10     | Found a staircase to the Orcish Mines.
  9093 | D:10     | Found a roughly hewn altar of Beogh.
  9118 | Orc:1    | Entered Level 1 of the Orcish Mines
  9125 | Orc:1    | Noticed an orc knight
  9139 | D:10     | Killed an orc knight
  9309 | Orc:1    | You fall into a shaft and drop 1 floor!
  9309 | Orc:2    | Entered Level 2 of the Orcish Mines
  9351 | Orc:2    | Identified a scroll of acquirement
  9373 | Orc:2    | Noticed a two-headed ogre
  9381 | Orc:2    | Noticed an orc sorcerer
  9386 | Orc:2    | Killed an orc sorcerer
  9400 | Orc:2    | Reached skill level 1 in Crossbows
  9404 | Orc:2    | Killed a two-headed ogre
  9435 | Orc:2    | Noticed an orc sorcerer
  9446 | Orc:2    | Killed an orc sorcerer
  9465 | Orc:2    | Found Sawor's Distillery.
  9465 | Orc:2    | Found Ubyiru's Antique Weapon Emporium.
  9604 | Orc:2    | Bought a potion of heal wounds for 60 gold pieces
  9801 | Orc:2    | Noticed an orc sorcerer
  9807 | Orc:2    | Noticed an orc sorcerer
  9814 | Orc:2    | Noticed a sixfirhy
  9818 | Orc:2    | Killed from afar by an orc sorcerer

Levels and vault maps discovered:
D:1:      lightli_arrival_windingriver, layout_basic
D:2:      layout_basic, gammafunk_temple_overflow_statue,
          eat_drink_and_be_merry_uskayaw, nicolae_gozag_seed_capital,
          uniq_terence
D:3:      layout_loops_corners, gammafunk_temple_overflow_forgotten,
          first_ration, gammafunk_ghost_icy, corner_web_ring
D:4:      layout_rooms, okawaru_metal_pillars_3
D:5:      layout_basic, minmay_temple_entry_fiery, small_statue_intersection,
          elyvilon_altar_5, uniq_pikel
D:6:      minmay_bubble_buster, layout_loops_ring, trog_ov_bears_minmay,
          serial_shops, shop, kennysheep_little_box, shop
D:7:      layout_cave_pools
D:8:      layout_loops_cross, due_lair_maze_entry_diamond, serial_shops,
          nicolae_shop_statue_plus, special_room [special_room_kobold]
D:9:      layout_cave_pods, minmay_misc_feat_rugged
D:10:     layout_loops_corners, minmay_orc_entry_temple_small,
          gammafunk_ghost_arena, grunt_tengu_nest, chequers_mini_garden
Temple:   eino_temple_lava
Orc:1:    layout_caves, mines2_lemuel
Orc:2:    st_orc_town, layout_caves

Skill      XL: |  1  2  3  4  5  6  7  8  9 10 11 |
---------------+----------------------------------+-----
Dodging        | 1 2 3 4 6 7 9 11 12 13 | 13.8
Fighting       | 3 4 5 6 8 |  8.0
Stealth        | 2 4 6 7 8 10 12 13 | 13.6
Unarmed Combat | 3 |  3.0
Armour         | 3 |  3.8
Crossbows      | 2 |  2.9
Shields        | |  2.6

Action                   |  1- 3 |  4- 6 |  7- 9 | 10-12 || total
-------------------------+-------+-------+-------+-------++-------
Melee: Unarmed           |   104 |       |       |       ||   104
       Bite              |    12 |    69 |    37 |    46 ||   164
       Spear             |    24 |    69 |       |       ||    93
       Dagger            |       |   313 |       |       ||   313
       War axe           |       |    41 |   236 |   266 ||   543
Throw: Stone             |    24 |     1 |       |       ||    25
       Boomerang         |       |       |       |     3 ||     3
Invok: Ancestor Identity |       |       |     1 |       ||     1
       Recall Ancestor   |       |       |     1 |     1 ||     2
       Ancestor Life: Ba |       |       |     1 |       ||     1
Evoke: Wand              |       |       |       |     5 ||     5
  Use: Potion            |     1 |     4 |     4 |     5 ||    14
       Scroll            |     5 |     9 |     5 |     5 ||    24
 Stab: Sleeping          |       |       |    10 |     3 ||    13
       Distracted        |       |       |     4 |     7 ||    11
Armor: Scale mail        |    47 |    65 |     6 |       ||   118
       Ring mail         |       |       |    32 |    53 ||    85
       Troll leather arm |       |       |       |    11 ||    11
Dodge: Dodged            |    36 |    73 |   125 |   203 ||   437
Block: Shield            |    62 |   202 |   168 |   214 ||   646
       Reflection        |     1 |     3 |     3 |     6 ||    13
